AoeStats
← Juanfreelance

Fortress

508129074Analyzed
2v2 RM · 12d ago on Sep 21, 2026· 42m 51s· 4 players
Game mode
Random Map
Map size
Normal (6 player)
Population
200
Speed
Normal
Resources
Standard
Victory
Conquest
Starting age
Dark Age
Ending age
Imperial Age
RankedLock teamsTeams togetherTeam positionsShared explorationLock speedFull tech treeHidden civsTurbo modeCheats
Victory
Defeat
🇨🇱 Goths · Chile
1288
+12
🇨🇱 Ethiopians · Chile
1284
+12
🇵🇦 Persians · Panama
1243
-13
🇦🇷 Muisca · Argentina
1168
-11
edespanu
8:06 Feudal Age
9:20 Horse Collar
12:23 Castle Age
10:28 Double-Bit Axe
13:20 Heavy Plow
13:22 Loom
13:22 Town Watch
16:34 Bow Saw
20:17 Wheelbarrow
20:27 Gold Mining
20:27 Stone Mining
22:03 Gold Shaft Mining
22:03 Stone Shaft Mining
23:50 Hand Cart
29:24 Imperial Age
26:46 Fletching
26:57 Padded Archer Armor
26:21 Crossbowman
27:07 Thumb Ring
27:34 Bodkin Arrow
29:22 Ballistics
29:14 Fortified Wall
30:09 Bracer
31:12 Chemistry
30:50 Conscription
30:25 Arbalester
31:22 Leather Archer Armor
33:34 Chemistry
35:28 Ring Archer Armor
40:02 Torsion Engines
40:29 Siege Engineers
[aM] Hera
3:43 Loom
7:56 Feudal Age
11:45 Castle Age
9:33 Double-Bit Axe
9:50 Horse Collar
10:26 Gold Mining
13:43 Bow Saw
15:39 Town Watch
16:21 Heavy Plow
17:32 Stone Mining
19:23 Wheelbarrow
21:45 Stone Shaft Mining
24:37 Imperial Age
22:34 Scale Mail Armor
23:07 Forging
24:01 Hand Cart
24:18 Chain Mail Armor
24:44 Anarchy
25:22 Iron Casting
25:28 Squires
25:51 Conscription
26:52 Crop Rotation
27:23 Two-Man Saw
26:45 Town Patrol
27:47 Blast Furnace
27:54 Elite Huskarl
28:09 Pikeman
28:54 Halberdier
30:22 Fletching
31:01 Bodkin Arrow
33:36 Chemistry
34:49 Masonry
40:00 Architecture
39:54 Ballistics
MALAJUNTA
8:02 Feudal Age
9:24 Loom
12:04 Castle Age
10:17 Double-Bit Axe
13:35 Bow Saw
13:09 Horse Collar
Juanfreelance
6:00 Loom
7:46 Feudal Age
12:01 Castle Age
10:34 Double-Bit Axe
10:30 Horse Collar
12:53 Husbandry
16:47 Wheelbarrow
16:21 Heavy Plow
19:43 Gold Mining
20:08 Bow Saw
19:50 Town Watch
21:39 Gold Shaft Mining
21:59 Hand Cart
23:42 Town Patrol
24:25 Forging
24:21 Scale Barding Armor
28:26 Imperial Age
26:35 Forging
26:30 Scale Barding Armor
26:39 Bloodlines
26:42 Stone Mining
28:30 Iron Casting
28:05 Fletching
28:36 Chain Barding Armor
28:05 Cavalier
30:56 Two-Man Saw
29:36 Savar
31:20 Crop Rotation
31:14 Conscription
31:27 Bodkin Arrow
31:37 Light Cavalry
33:38 Blast Furnace
32:25 Hussar
35:32 Plate Barding Armor
37:10 Chemistry
36:39 Kamandaran
37:31 Ballistics
37:12 Murder Holes
37:00 Crossbowman
37:45 Thumb Ring
37:46 Padded Archer Armor
39:20 Leather Archer Armor
41:05 Elite Skirmisher
Connection lost

Rejoining the realm…

Still unreachable

The connection could not be restored.

Session expired

The server has moved on; the page needs a fresh start.